AoeStats
← miraclemax911

Lombardia

508564446Analyzed
3v3 RM · 24d ago on Sep 23, 2026· 21m 38s· 6 players
Game mode
Random Map
Map size
Normal (6 player)
Population
200
Speed
Normal
Resources
Standard
Victory
Conquest
Starting age
Dark Age
Ending age
Imperial Age
RankedLock teamsTeams togetherTeam positionsShared explorationLock speedFull tech treeHidden civsTurbo modeCheats
Victory
Defeat
🇨🇴 Teutons · Colombia
1129
+14
🇺🇸 Shu · United States
1065
+17
🇦🇷 Khmer · Argentina
1048
+18
vs
🇺🇸 Varangians · United States
1130
-17
🇨🇦 Vikings · Canada
1097
-17
🇲🇽 Franks · Mexico
1045
-15
garoumarcos
3:00 Loom
10:46 Feudal Age
14:37 Castle Age
15:54 Wheelbarrow
15:07 Double-Bit Axe
15:32 Scale Barding Armor
15:38 Forging
17:09 Bow Saw
17:51 Husbandry
Reshi
11:09 Feudal Age
9:25 Loom
15:05 Castle Age
17:09 Horse Collar
miraclemax911
3:36 Loom
10:38 Feudal Age
13:12 Bloodlines
15:05 Double-Bit Axe
Tugg Speedman
0:34 Loom
11:40 Feudal Age
17:42 Castle Age
17:52 Fletching
17:50 Horse Collar
18:00 Double-Bit Axe
19:38 Bodkin Arrow
19:44 Padded Archer Armor
21:23 Crossbowman
micoelchico
0:56 Loom
11:02 Feudal Age
11:36 Double-Bit Axe
16:43 Fletching
guilleaacevedo
10:46 Loom
12:53 Feudal Age
14:30 Wheelbarrow
19:10 Castle Age
19:28 Bloodlines
19:13 Light Cavalry
21:22 Forging
21:17 Scale Barding Armor
22:23 Hand Cart
Connection lost

Rejoining the realm…

Still unreachable

The connection could not be restored.

Session expired

The server has moved on; the page needs a fresh start.